 Dungeon Crawl Stone Soup version 0.23.2-40-g277498a001 (webtiles) character file.

Game seed: 3421288780074567330

117 Hylith the Skirmisher (level 5, 0/46 HPs)
             Began as a Ghoul Fighter on Sept 25, 2019.
             Killed by divine providence
             ... invoked by an orc priest
              (9 damage)
             ... on level 3 of the Dungeon.
             The game lasted 00:03:49 (1603 turns).

Hylith the Skirmisher (Ghoul Fighter)               Turns: 1603, Time: 00:03:50

Health: 0/46       AC: 12    Str: 21    XL:     5   Next: 1%
Magic:  4/4        EV:  3    Int:  3    God:
Gold:   97         SH:  9    Dex:  8    Spells: 4/4 levels left

rFire    . . .     SeeInvis .   a - +0 war axe
rCold    + . .     Gourm    .   c - +0 shield
rNeg     + + +     Faith    .   n - +0 plate armour
rPois    ∞         Spirit   .   j - +0 helmet
rElec    .         Reflect  .   (no cloak)
rCorr    .         Harm     .   (no gloves)
MR       .....                  (no boots)
Stlth    ..........             (no amulet)
HPRegen  0.00/turn              e - ring of stealth
MPRegen  0.09/turn              (no ring)

@: rotting
A: rotting body, claws 1, carnivore, cold resistance 1, negative energy
resistance 3, inhibited regeneration, torment resistance, unbreathing
a: no special abilities


You were on level 3 of the Dungeon.
You were not hungry.

You visited 1 branch of the dungeon, and saw 3 of its levels.

You collected 97 gold pieces.

Inventory:

Hand Weapons
 a - a +0 war axe (weapon)
Missiles
 o - a throwing net (quivered)
Armour
 c - a +0 shield (worn)
 j - a +0 helmet (worn)
 n - a +0 plate armour (worn)
Jewellery
 e - a ring of stealth (left claw)
Wands
 b - a wand of polymorph (3)
Scrolls
 g - 4 scrolls of identify {unknown}
 h - 2 scrolls of remove curse {unknown}
 i - a scroll of fear {unknown}
 l - a scroll of magic mapping {unknown}
 m - a scroll of fog {unknown}
Potions
 d - a potion of might
Comestibles
 f - 5 rations
 k - 8 chunks of flesh


   Skills:
 + Level 3.8 Fighting
 * Level 3.1 Axes
 - Level 3.0 Armour
 * Level 3.6 Shields


You had 4 spell levels left.
You didn't know any spells.
Your spell library was empty.

Dungeon Overview and Level Annotations

Branches:
Dungeon (3/15)

Altars:
Hepliaklqana
Sif Muna


Innate Abilities, Weirdness & Mutations

Your body is rotting away.
You thrive on raw meat.
You are immune to poison.
You have sharp fingernails.
You are carnivorous and can eat meat at any time.
Your flesh is cold resistant. (rC+)
You are immune to negative energy. (rN+++)
You do not regenerate when monsters are visible.
You are immune to unholy pain and torment.
You can survive without breathing.


Message History

The orc priest hits you but does no damage.
You block the orc priest's attack. x2
The orc priest invokes the aid of Beogh against you.
Beogh smites you!
* * * LOW HITPOINT WARNING * * *
You hit the orc priest.
The orc priest is moderately wounded.
Your shield and plate armour prevent you from hitting the orc priest.
The orc priest looks braver for a moment.
The orc priest calls upon Beogh to heal the orc priest.
The orc priest's wounds heal themselves!
You barely miss the orc priest. You slash the orc priest!
The orc priest calls upon Beogh to heal the orc priest.
The orc priest is healed somewhat.
The orc priest hits you but does no damage. x2
You closely miss the orc priest. You slash the orc priest!
The orc priest barely misses you.
The orc priest mumbles some strange prayers to Beogh against you.
Beogh smites you!
You die...

#..# ##.# # #.#
.# #.# ## #.##
#.# .##...# #.#
....... #.#
.......
#.#######o....#
#.......@o#
###########


You could see 2 orc priests.

Vanquished Creatures
  Jessica (D:2)
  2 gnolls
  An adder (D:2)
  An ooze (D:2)
  3 worms (D:2)
  A dart slug (D:1)
  A leopard gecko (D:2)
  2 orcs (D:3)
  A giant cockroach (D:2)
  4 goblins
  5 hobgoblins
  4 jackals
  4 bats
  3 frilled lizards
  8 kobolds
  6 rats
47 creatures vanquished.

Notes
Turn   | Place    | Note
-------+----------+-------------------------------------------
     0 | D:1      | Hylith the Ghoul Fighter began the quest for the Orb.
     0 | D:1      | Reached XP level 1. HP: 19/19 MP: 0/0
   208 | D:1      | Reached XP level 2. HP: 22/24 MP: 1/1
   604 | D:2      | Reached XP level 3. HP: 31/31 MP: 2/2
   789 | D:2      | Found a hazy altar of Hepliaklqana.
   872 | D:2      | Noticed Jessica
   880 | D:2      | Killed Jessica
   880 | D:2      | Reached XP level 4. HP: 38/39 MP: 3/3
  1355 | D:2      | Found a deep blue altar of Sif Muna.
  1592 | D:3      | Reached XP level 5. HP: 41/46 MP: 4/4
  1603 | D:3      | Killed from afar by an orc priest

Skill      XL: |  1  2  3  4 |
---------------+-------------+-----
Axes           | 2 3 |  3.1
Shields        | 3 |  3.6
Armour         | 3 |  3.0
Fighting       | |  3.8

Action                   |  1- 3 |  4- 6 || total
-------------------------+-------+-------++-------
Melee: War axe           |   109 |    79 ||   188
Evoke: Wand              |       |     1 ||     1
  Eat: Chunk             |     7 |     3 ||    10
Armor: Scale mail        |    48 |       ||    48
       Plate armour      |     7 |    66 ||    73
Dodge: Dodged            |    31 |    15 ||    46
Block: Shield            |    61 |    55 ||   116
